 Dungeon Crawl Stone Soup version 0.30.0-29-ga12c61a403 (webtiles) character file.

Game seed: 16034214171661847407

112 AIAndy the Trooper (level 4, -1/38 HPs)
             Began as a Demonspawn Fighter on June 23, 2023.
             Killed from afar by a dart slug (3 damage)
             ... with a slug dart
             ... on level 4 of the Dungeon.
             The game lasted 00:07:14 (2128 turns).

AIAndy the Trooper (Demonspawn Fighter)             Turns: 2128, Time: 00:07:17

Health: -1/38      AC:  6    Str: 18    XL:     4   Next: 63%
Magic:  1/1        EV:  9    Int:  9    God:
Gold:   209        SH:  5    Dex: 13    Spells: 3/3 levels left

rFire   . . .        k - +2 spear (antimagic)
rCold   . . .        c - +0 buckler
rNeg    . . .        b - +0 scale mail
rPois   .            (no helmet)
rElec   .            (no cloak)
rCorr   .            (no gloves)
SInv    .            (no boots)
Will    .....        (no amulet) Stlth
                     o - ring of wizardry
HPRegen 0.26/turn    (no ring)
MPRegen 0.07/turn

%: wizardry (x1)
@: no status effects
A: spiny 1
a: no special abilities


You were on level 4 of the Dungeon.
You visited 1 branch of the dungeon, and saw 4 of its levels.

You collected 209 gold pieces.

Inventory:

Hand Weapons
 a - a +0 rapier
 k - a +2 antimagic spear (weapon)
Missiles
 m - 2 datura-tipped darts (quivered)
Armour
 b - a +0 scale mail (worn)
 c - a +0 buckler (worn)
Jewellery
 o - a ring of wizardry (left hand)
Scrolls
 f - a scroll of noise {unknown}
 h - a scroll of poison {unknown}
 i - 3 scrolls of identify {unknown}
 j - 2 scrolls of amnesia {unknown}
 l - a scroll of vulnerability {unknown}
 n - a scroll of teleportation {unknown}
 p - a scroll of immolation {unknown}
Potions
 d - a potion of might
 e - a potion of curing
 g - 4 potions of heal wounds
 q - a potion of mutation {unknown}


   Skills:
 + Level 4.4 Fighting
 - Level 1.7 Short Blades
 - Level 2.6 Armour
 - Level 4.0 Shields


You had 3 spell levels left.
You didn't know any spells.
Your spell library contained the following spells:

 Spells                   Type           Power      Damage    Failure   Level
 Magic Dart               Conj           0%         1d3       52%         1
 Call Imp                 Summ           0%         N/A       65%         2
 Inner Flame              Hex/Fire       0%         N/A       86%         3
 Mephitic Cloud           Conj/Pois/Air  0%         N/A       86%         3
 Yara's Violent Unravell  Hex/Tmut       0%         3d3       100%        5
 Enfeeble                 Hex            0%         N/A       100%        7


Dungeon Overview and Level Annotations

Branches:
Dungeon (4/15)
 Temple: D:4-7

Altars:


Innate Abilities, Weirdness & Mutations

You are partially covered in sharp spines.


Message History

You climb downwards.
The kobold shouts!
Found a book of Weapons.
There is a stone staircase leading up here.
You reach to attack!
You hit the ice beast but do no damage. You puncture the ice beast!
The ice beast is moderately wounded.
The ice beast is struck by your spines. The ice beast closely misses you.
You barely miss the ice beast.
The ice beast is moderately wounded.
The ice beast is struck by your spines. The ice beast hits you.
The ice beast freezes you!
You closely miss the ice beast.
The ice beast is heavily wounded.
The ice beast is struck by your spines. The ice beast hits you.
The ice beast freezes you! The kobold is struck by your spines.
You kill the kobold!
You are too injured to fight recklessly!
You closely miss the ice beast.
The ice beast is heavily wounded.
The ice beast hits you. The ice beast freezes you!
* * * LOW HITPOINT WARNING * * *
It was a potion of curing.
You feel better.
The ice beast hits you but does no damage.
The dart slug bites you but does no damage.
It was a potion of heal wounds.
You feel much better. The ice beast is struck by your spines.
The ice beast barely misses you.
You hit the ice beast but do no damage.
The ice beast is severely wounded.
The ice beast hits you. The ice beast freezes you!
The dart slug launches a dart at you. The slug dart hits you.
You barely miss the ice beast.
The ice beast is severely wounded.
The ice beast is struck by your spines. The ice beast hits you.
The ice beast freezes you!
* * * LOW HITPOINT WARNING * * *
The dart slug launches a dart at you. The slug dart hits you.
You die...

.##.....###....?...
......<..#...#......
...........##.......
........<.##........
##...)...#.........
##....)............
.........###.....#.
.#.......###Yw...#..
....###.....@.......
.### #...#...)......
#..##..#......#
#...... ....:..
###.... .......
#..... ...#...
#..... ..##...
...... ... .#


You could see an ice beast and a dart slug.

Vanquished Creatures
  An orc priest (D:3)
  3 adders
  9 orcs (D:3)
  4 giant cockroaches
  8 hobgoblins
  2 quokkas (D:3)
  3 ball pythons
  3 bats
  A frilled lizard (D:3)
  2 goblins
  8 kobolds
  5 rats
49 creatures vanquished.

Notes
Turn   | Place    | Note
-------+----------+-------------------------------------------
     0 | D:1      | AIAndy the Demonspawn Fighter began the quest for the Orb.
     0 | D:1      | Reached XP level 1. HP: 18/18 MP: 1/1
   406 | D:1      | Gained mutation: You are partially covered in sharp spines.
                  | [demonic ancestry]
   406 | D:1      | Reached XP level 2. HP: 24/24 MP: 2/2
   413 | D:1      | Found a faded altar of an unknown god.
   742 | D:2      | Reached XP level 3. HP: 23/30 MP: 3/3
  1337 | D:3      | Reached XP level 4. HP: 36/37 MP: 1/4
  2078 | D:4      | Noticed an ice beast
  2124 | D:4      | HP: 1/38 [ice beast (12)]
  2128 | D:4      | Killed from afar by a dart slug

Illustrated notes

Levels and vault maps discovered:
D:1:      amcnicky_arrival_wind_blow, layout_rooms,
          shapermc_ecumenical_altar_mp_ritualfount
D:2:      layout_loops_ring, serial_glass, glass_columns_b, glass_columns_a,
          minmay_misc_feat_roman, minmay_misc_feat_room, minmay_tetromino_s2
D:3:      layout_loops_ring, minmay_parallelograms, dreamdust_wishing_well,
          grunt_decor_mini_mirrors, st_stairs_2
D:4:      lemuel_castle_with_subvaults [lemuel_castle_interior_carwin_3],
          layout_cave_pools, minmay_temple_entry_stoned_glass,
          gammafunk_ghost_necromancy

Skill      XL: |  1  2  3  4 |
---------------+-------------+-----
Shields        | 3 4 |  4.0
Fighting       | 4 |  4.4
Short Blades   | |  1.7
Armour         | |  2.6

Action                     |  1- 3 |  4- 6 || total
---------------------------+-------+-------++-------
  Melee: Rapier            |    42 |       ||    42
         Spear             |    23 |    50 ||    73
    Use: Potion            |       |     2 ||     2
 Armour: Scale mail        |    20 |    11 ||    31
  Dodge: Dodged            |    18 |     9 ||    27
  Block: Buckler           |    13 |     4 ||    17
